 Dungeon Crawl Stone Soup version 0.31.0-32-g396128a36d (webtiles) character file.

Game seed: 17667278041051061647

2064 PaiMei the Scholar of Death (level 9, -1/68 HPs)
             Began as a Demonspawn Necromancer on Apr 24, 2024.
             Was a Follower of Kikubaaqudgha.
             Slain by a human
             ... wielding a +2 heavy hand axe
              (10 damage)
             ... in a bailey.
             The game lasted 00:11:34 (8284 turns).

PaiMei the Scholar of Death (DsNe)                  Turns: 8284, Time: 00:11:34

Health: -1/68      AC:  5    Str:  8    XL:     9   Next: 5%
Magic:  2/17       EV: 20    Int: 27    God:    Kikubaaqudgha [*.....]
Gold:   285        SH:  0    Dex: 17    Spells: 11/19 levels left

rFire   . . .        t - +0 mace
rCold   . . .        (no shield)
rNeg    . . .        a - +0 robe
rPois   .            v - +0 helmet
rElec   .            h - +0 cloak
rCorr   .            C - +0 pair of gloves
SInv    .            (no boots)
Will    .....        (no amulet)
Stlth   ++++         E - +5 ring of evasion
HPRegen 0.31/turn    w - +6 ring of intelligence
MPRegen 0.15/turn

%: no passive effects
@: mighty
A: claws 2, thin skeletal structure 2, spiny 2
a: Renounce Religion, Unearth Wretches


You were in a bailey.
You worshipped Kikubaaqudgha.
Kikubaaqudgha was aware of your devotion.
You visited 1 branch of the dungeon, and saw 7 of its levels.
You also visited: Bailey.

You collected 285 gold pieces.

Inventory:

Hand Weapons
 t - a +0 mace (weapon)
Missiles
 s - 3 silver javelins
 D - 3 atropa-tipped darts (quivered)
Armour
 a - a +0 robe (worn)
 h - a +0 cloak (worn)
 r - an orb of light
 v - a +0 helmet (worn)
 C - a +0 pair of gloves (worn)
Jewellery
 u - a ring of protection from fire
 w - a +6 ring of intelligence (right hand)
 E - a +5 ring of evasion (left hand)
Scrolls
 c - 2 scrolls of acquirement {unknown}
 f - a scroll of immolation
 i - 4 scrolls of teleportation {unknown}
 j - a scroll of fear {unknown}
 k - 3 scrolls of amnesia {unknown}
 o - 6 scrolls of enchant armour {unknown}
 p - a scroll of blinking {unknown}
 x - 2 scrolls of revelation {unknown}
 y - 4 scrolls of identify {unknown}
 A - a scroll of poison {unknown}
 F - 2 scrolls of noise {unknown}
 G - a scroll of fog {unknown}
Potions
 b - a potion of magic
 d - a potion of resistance {unknown}
 e - 2 potions of might
 g - 2 potions of enlightenment {unknown}
 l - a potion of mutation {unknown}
 m - a potion of brilliance {unknown}
 n - 2 potions of attraction {unknown}
 q - 6 potions of curing
 z - 2 potions of heal wounds {unknown}
 B - a potion of haste {unknown}


   Skills:
 + Level 5.6 Fighting
 + Level 5.6 Dodging
 - Level 2.2 Stealth
 + Level 5.7 Spellcasting
 + Level 7.9 Necromancy


You had 11 spell levels left.
You knew the following spells:

 Your Spells              Type           Power      Damage    Failure   Level
a - Necrotise             Necr           100%       1d9       1%          1
b - Vampiric Draining     Necr           50%        2d9       1%          3
c - Animate Dead          Necr           50%        N/A       2%          4

Your spell library contained the following spells:

 Spells                   Type           Power      Damage    Failure   Level
 Sublimation of Blood     Necr           50%        N/A       1%          2
 Fugue of the Fallen      Necr           50%        N/A       1%          3
 Cigotuvi's Dreadful Rot  Necr/Alch/Air  44%        N/A       3%          2
 Magic Dart               Conj           28%        1d4       7%          1
 Curse of Agony           Necr           50%        N/A       7%          5
 Ensorcelled Hibernation  Hex/Ice        14%        N/A       10%         2
 Anguish                  Hex/Necr       14%        N/A       13%         4
 Frozen Ramparts          Ice            14%        1d3       21%         3
 Leda's Liquefaction      Alch/Erth      3%         N/A       54%         4
 Petrify                  Alch/Erth      7%         N/A       54%         4
 Metabolic Englaciation   Hex/Ice        3%         N/A       88%         5


Dungeon Overview and Level Annotations

Branches:
Dungeon (7/15)             Temple (0/1) D:6          Bailey (1/1)

Altars:
Ashenzari
Cheibriados
Kikubaaqudgha
Nemelex Xobeh
Okawaru
Sif Muna
Vehumet
Wu Jian


Innate Abilities, Weirdness & Mutations

You have very sharp fingernails.
You have a moderately thin skeletal structure. (Dex +4, Stealth++)
You are mostly covered in sharp spines.


Message History

You aren't carrying any items that you can evoke.
Unknown command.
You hit the human but do no damage.
The human is lightly wounded.
The human completely misses you.
You closely miss the human.
The human is lightly wounded.
The human hits you with a +2 heavy hand axe!
You hit the human but do no damage.
The human is lightly wounded.
The human hits you with a +2 heavy hand axe.
You hit the human but do no damage. Your punch misses the human.
The human is lightly wounded.
The human hits you with a +2 heavy hand axe!
* * * LOW HITPOINT WARNING * * *
It was a potion of curing.
You feel better. The human barely misses you.
Unknown command.
Unknown command.
It was a potion of might.
You feel very mighty all of a sudden.
Okay, then.
You miss the human.
The human is lightly wounded.
The human misses you.
Casting: Vampiric Draining (safe; 1% risk of failure)
Confirm with . or Enter, or press ? or * to list all spells.
Aiming: Vampiric Draining (safe; 1% risk of failure)
Press: ? - help, Shift-Dir - straight line, f - human
Aim: a human, wielding a +2 heavy hand axe and wearing a +0 ring mail (lightly wounded)
You draw life force from the human!
You feel life coursing into your body.
The human hits you with a +2 heavy hand axe!
* * * LOW HITPOINT WARNING * * *
You sock the human!
The human is severely wounded.
The human is struck by your spines. The human completely misses you.
You hit the human.
The human is almost dead.
The human hits you with a +2 heavy hand axe!
You die...
Kikubaaqudgha rasps: "You have failed me!
Welcome... death!"

## .######
##### ......#
##...##......#
#..∩.)'....#
#...@p######
#..∩..†~~~#
##...##~~~~#
##### ~~~~+
~~~# ~~## ##


You could see a human.

Vanquished Creatures
  A human (Bailey)
  An ice beast (D:6)
  A sky beast (D:7)
  A black bear (D:6)
  An ogre (D:5)
  2 phantoms (D:6)
  4 bullfrogs
  7 scorpions
  A bombardier beetle (D:4)
  3 hounds
  A jelly (D:4)
  2 orc priests (D:5)
  7 orc wizards
  A sleepcap (D:6)
  2 iguanas
  2 adders (D:4)
  14 gnolls
  2 ufetubi (D:6)
  2 ribbon worms
  A dart slug (D:3)
  16 orcs
  5 bats
  7 endoplasms
  4 giant cockroaches
  7 goblins
  3 hobgoblins
  6 jackals
  A quokka (D:1)
  5 ball pythons
  2 frilled lizards
  6 kobolds
  2 rats
120 creatures vanquished.

Vanquished Creatures (collateral kills)
  2 gnolls
2 creatures vanquished.

Grand Total: 122 creatures vanquished

Notes
Turn   | Place    | Note
-------+----------+-------------------------------------------
     0 | D:1      | PaiMei the Demonspawn Necromancer began the quest for the
                  | Orb.
     0 | D:1      | Reached XP level 1. HP: 13/13 MP: 3/3
   382 | D:1      | Found a faded altar of an unknown god.
   389 | D:1      | Gained mutation: You have a somewhat thin skeletal
                  | structure. (Dex +2, Stealth+) [demonic ancestry]
   389 | D:1      | Reached XP level 2. HP: 19/19 MP: 3/5
  1137 | D:2      | Gained mutation: You have sharp fingernails. [demonic
                  | ancestry]
  1137 | D:2      | Reached XP level 3. HP: 24/24 MP: 3/6
  1141 | D:2      | Learned a level 3 spell: Vampiric Draining
  2350 | D:3      | Reached skill level 1 in Fighting
  2350 | D:3      | Gained mutation: You have very sharp fingernails. [demonic
                  | ancestry]
  2350 | D:3      | Reached XP level 4. HP: 24/32 MP: 0/7
  2708 | D:3      | Reached skill level 5 in Necromancy
  3410 | D:4      | Gained mutation: You are partially covered in sharp spines.
                  | [demonic ancestry]
  3410 | D:4      | Reached XP level 5. HP: 37/37 MP: 2/9
  3885 | D:4      | Found a sparkling altar of Nemelex Xobeh.
  3959 | D:4      | Gained mutation: You have a moderately thin skeletal
                  | structure. (Dex +4, Stealth++) [demonic ancestry]
  3959 | D:4      | Reached XP level 6. HP: 35/46 MP: 5/11
  4449 | D:4      | Found an ornate altar of the Wu Jian Council.
  4694 | D:5      | Entered Level 5 of the Dungeon
  4700 | D:5      | Learned a level 4 spell: Animate Dead
  5016 | D:5      | Reached skill level 6 in Necromancy
  5016 | D:5      | Gained mutation: You are mostly covered in sharp spines.
                  | [demonic ancestry]
  5016 | D:5      | Reached XP level 7. HP: 52/52 MP: 7/12
  5733 | D:5      | Found an ancient bone altar of Kikubaaqudgha.
  5733 | D:5      | Found a shimmering blue altar of Sif Muna.
  5735 | D:5      | Found a radiant altar of Vehumet.
  5739 | D:5      | Became a worshipper of Kikubaaqudgha
  5749 | D:5      | Got Vehumet's Precepts of Blasting
  6385 | D:6      | Found a staircase to the Ecumenical Temple.
  6733 | D:6      | Reached XP level 8. HP: 60/60 MP: 7/14
  6948 | D:6      | Found a snail-covered altar of Cheibriados.
  7048 | D:6      | Reached skill level 7 in Necromancy
  7091 | D:6      | Reached skill level 5 in Spellcasting
  7316 | D:6      | Reached skill level 5 in Dodging
  7516 | D:7      | Reached skill level 5 in Fighting
  7813 | D:7      | Reached * piety under Kikubaaqudgha
  7813 | D:7      | Received a gift from Kikubaaqudgha
  7906 | D:7      | Found a broken altar of Ashenzari.
  7972 | D:7      | Found an iron altar of Okawaru.
  8145 | D:7      | Found a flagged portal.
  8208 | Bailey   | Entered a bailey
  8275 | Bailey   | Reached XP level 9. HP: 34/68 MP: 3/17
  8284 | Bailey   | Slain by a human

Illustrated notes

Levels and vault maps discovered:
D:1:      nzn_arrival_crosshair, layout_loops_ring,
          hellmonk_ecumenical_altar_blasted
D:2:      layout_rooms
D:3:      layout_basic, st_stairs_2
D:4:      kennysheep_six_static_rooms, layout_basic,
          mainiacjoe_overflow_alcove_2, lemuel_crystal_altar
D:5:      layout_loops_ring, grunt_temple_overflow_magic_moments
D:6:      layout_cave_pools, mainiacjoe_overflow_cross_hatched,
          minmay_temple_entry_statues_fountains
D:7:      layout_gridville, mainiacjoe_overflow_chevrons,
          nicolae_ashenzari_skybound, enter_ossuary_1, enter_bailey_5
Bailey:   bailey_axe_froggy_fort_hellmonk, bailey

Skill      XL: |  1  2  3  4  5  6  7  8 |
---------------+-------------------------+-----
Stealth        | 2 |  2.2
Dodging        | 2 3 4 5 |  5.6
Fighting       | 1 2 3 4 5 |  5.6
Necromancy     | 5 6 7 |  7.9
Spellcasting   | 3 4 5 |  5.7

Action                     |  1- 3 |  4- 6 |  7- 9 || total
---------------------------+-------+-------+-------++-------
  Melee: Unarmed           |     4 |       |       ||     4
         Dagger            |     1 |       |       ||     1
         Mace              |       |    10 |    36 ||    46
   Cast: Necrotise         |    74 |    97 |    50 ||   221
         Vampiric Draining |       |     3 |    41 ||    44
    Use: Potion            |       |       |     2 ||     2
 Armour: Robe              |    19 |    19 |    39 ||    77
  Dodge: Dodged            |    22 |    21 |    66 ||   109
